 Dungeon Crawl Stone Soup version 0.23-a0-404-g0063841 (webtiles) character file.

64 galech the Skirmisher (level 3, -1/29 HPs)
             Began as a Demonspawn Fighter on Nov 5, 2018.
             Slain by Robin
             ... wielding a +0 club
              (3 damage)
             ... on level 2 of the Dungeon.
             The game lasted 00:01:14 (881 turns).

galech the Skirmisher (Demonspawn Fighter)           Turns: 881, Time: 00:01:15

Health: -1/29      AC:  6    Str: 21    XL:     3   Next: 91%
Magic:  3/3        EV:  7    Int:  9    God:
Gold:   110        SH:  9    Dex: 13    Spells: 2/2 levels left

rFire    . . .     SeeInvis .   a - +0 war axe
rCold    . . .     Gourm    .   c - +0 shield
rNeg     . . .     Faith    .   b - +0 scale mail
rPois    .         Spirit   .   (no helmet)
rElec    .         Reflect  .   (no cloak)
rCorr    +         Harm     .   (no gloves)
MR       .....                  (no boots)
Stlth    ..........             (no amulet)
HPRegen  0.09/turn              g - ring of resist corrosion
MPRegen  0.08/turn              (no ring)

@: mighty
A: claws 2
a: no special abilities


You were on level 2 of the Dungeon.
You were not hungry.

You visited 1 branch of the dungeon, and saw 2 of its levels.

You collected 110 gold pieces.

Inventory:

Hand Weapons
 a - a +0 war axe (weapon)
Armour
 b - a +0 scale mail (worn)
 c - a +0 shield (worn)
Jewellery
 g - a ring of resist corrosion (left claw)
Wands
 l - a wand of random effects (15)
Scrolls
 h - 2 scrolls of identify {unknown}
 i - 2 scrolls of remove curse {unknown}
 k - a scroll of blinking {unknown}
Potions
 d - 4 potions of might
 e - a potion of berserk rage {unknown}
 m - a potion of mutation {unknown}
Comestibles
 f - 3 rations
 j - a chunk of flesh


   Skills:
 + Level 3.3 Fighting
 + Level 2.6 Axes
 + Level 3.1 Armour
 + Level 0.4 Dodging
 + Level 3.2 Shields


You had 2 spell levels left.
You didn't know any spells.
Your spell library was empty.

Dungeon Overview and Level Annotations

Branches:
Dungeon (2/15)

Altars:

Annotations:
D:2 Robin


Innate Abilities, Weirdness & Mutations

You have very sharp fingernails.


Message History

You closely miss Robin.
Robin is lightly wounded.
Robin barely misses you. The kobold hits you but does no damage.
You block Robin's attack.
You completely miss Robin.
Robin is lightly wounded.
You slash the kobold!
You kill the kobold!
Robin hits you with a +0 club.
* * * LOW HITPOINT WARNING * * *
You slash Robin!
Robin is almost dead.
Robin hits you but does no damage.
You barely miss Robin.
Robin is almost dead.
Robin hits you but does no damage. You block Robin's attack.
You closely miss Robin.
Robin is almost dead.
Robin hits you with a +0 club.
You die...

#........#...#....>###
######.#####.#.......#
..$. #.......#.#####.#
....#.##....#.# #.#
#..#.##......# #.#
....##....### #.#
#..##....# #.#
...##.)###g### #.#
......)))@.# #######.#
####..######
........### ....
######...<# #.##
###.## # ...# #####


You could see Robin.

Vanquished Creatures
  An adder (D:2)
  2 dart slugs (D:1)
  A leopard gecko (D:1)
  A giant cockroach (D:1)
  11 goblins
  9 hobgoblins
  2 jackals (D:1)
  3 bats (D:1)
  3 frilled lizards (D:1)
  6 kobolds
  4 rats (D:1)
43 creatures vanquished.

Notes
Turn   | Place    | Note
-------+----------+-------------------------------------------
     0 | D:1      | galech the Demonspawn Fighter began the quest for the Orb.
     0 | D:1      | Reached XP level 1. HP: 18/18 MP: 1/1
   114 | D:1      | Gained mutation: You have sharp fingernails. [demonic
                  | ancestry]
   114 | D:1      | Reached XP level 2. HP: 24/24 MP: 2/2
   524 | D:1      | Gained mutation: You have very sharp fingernails. [demonic
                  | ancestry]
   524 | D:1      | Reached XP level 3. HP: 29/29 MP: 3/3
   849 | D:2      | Noticed Robin
   881 | D:2      | Slain by Robin

Vault maps used:
D:1:      lightli_arrival_noodles, minmay_cupped
D:2:      first_ration, minmay_tromino_v2, uniq_robin

Skill      XL: |  1  2  3 |
---------------+----------+-----
Axes           | 2 |  2.6
Shields        | 3 |  3.2
Armour         | 3 |  3.1
Fighting       | |  3.3
Dodging        | |  0.4

Action                   || total
-------------------------++-------
Melee: War axe           ||   121
  Use: Potion            ||     1
Armor: Scale mail        ||    64
Dodge: Dodged            ||    38
Block: Shield            ||    67

Table legend:
 A = Non-vault XP
 B = Vault XP
 C = Vault XP percentage of total XP
 D = Non-vault monster count
 E = Vault monster count
 F = Vault count percentage of total count
                 A         B        C        D         E       F
            +---------+---------+-------+---------+---------+-------
      Total |      66 |      26 |  28.3 |      30 |      13 |  30.2
            +---------+---------+-------+---------+---------+-------
        D:1 |      51 |       4 |   7.3 |      28 |       2 |   6.7
        D:2 |      15 |      22 |  59.5 |       2 |      11 |  84.6
            +---------+---------+-------+---------+---------+-------
